 Dungeon Crawl Stone Soup version 0.18.1-48-g4cf74bf (webtiles) character file.

56 HolyGrifer the Ducker (level 3, -4/36 HPs)
             Began as a Troll Fighter on Aug 17, 2016.
             Killed from afar by Schimscham's ghost (18 damage)
             ... with a spray of energy
             ... on level 3 of the Dungeon.
             The game lasted 00:08:21 (1194 turns).

HolyGrifer the Ducker (Troll Fighter)               Turns: 1194, Time: 00:08:22

Health: -4/36      AC: 10    Str: 25    XL:     3   Next: 69%
Magic:  2/2        EV:  8    Int:  4    God:
Gold:   57         SH:  9    Dex:  9    Spells: 0 memorised, 2 levels left

rFire  . . .     SeeInvis .     g - +1 short sword (protect)
rCold  . . .     Gourm    +     b - +0 robe
rNeg   . . .     Faith    .     c - +0 shield
rPois  .         Spirit   .     (helmet restricted)
rElec  .         Dismiss  .     (no cloak)
rCorr  .         Reflect  .     (gloves unavailable)
SustAt .         Harm     .     (boots unavailable)
MR     .....                    (no amulet)
Stlth  +.........               (no ring)
                                (no ring)

@: not resistant to hostile enchantments, very unstealthy
A: unfitting armour, claws 3, fast metabolism 3, gourmand, regeneration 2,
shaggy fur 1, tough skin 2
a: no special abilities


You were on level 3 of the Dungeon.
You were full.

You visited 1 branch of the dungeon, and saw 3 of its levels.

You collected 57 gold pieces.

Inventory:

Hand Weapons
 a - a +0 flail
 g - a +1 short sword of protection (weapon)
Armour
 b - a +0 robe (worn)
 c - a +0 shield (worn)
Scrolls
 j - a scroll of recharging {unknown}
 k - a scroll of enchant armour {unknown}
 l - a scroll of noise {unknown}
 m - 2 scrolls of identify
Potions
 d - a potion of might
 e - a potion of resistance {unknown}
 i - a potion of mutation {unknown}
Comestibles
 f - a bread ration
 h - 2 meat rations


   Skills:
 + Level 2.5 Fighting
 * Level 0.8 Short Blades
 - Level 1.9 Maces & Flails
 + Level 3.0 Dodging
 + Level 0.1 Stealth
 + Level 2.9 Shields


You had 2 spell levels left.
You didn't know any spells.

Dungeon Overview and Level Annotations

Branches:
Dungeon (3/15)

Altars:
Yredelemnul

Annotations:
D:3 Schimscham's ghost, amateur DrCj


Innate Abilities, Weirdness & Mutations

You are too large for most types of armour.
You have claws for hands.
Your metabolism is lightning-fast.
You like to eat raw meat.
You heal very quickly.
You are covered in fur (AC +1).
You have very tough skin (AC +2).


Message History

Schimscham's ghost points at you and mumbles some strange words.
The spray of energy hits you!
You are confused.
You bump into the rock wall.
Schimscham's ghost hits you but does no damage.
You feel less confused. Schimscham's ghost hits you!
Schimscham's ghost gestures at you while chanting.
The spray of energy misses you.
Schimscham's ghost gestures at you while chanting.
The magic dart hits you!
You hit Schimscham's ghost but do no damage.
Schimscham's ghost is lightly damaged.
You block Schimscham's ghost's attack.
You hit Schimscham's ghost but do no damage.
Schimscham's ghost is lightly damaged.
Schimscham's ghost points at you and mumbles some strange words.
The spray of energy hits you!
Ouch! That really hurt!
You die...

#..........##.#
.....)##...##.#
####......[..#
######.######
#.........# #.####.##.#
######## ##.####.##.#
#......#
........##.#####......#
##.###.........@W.P.P.#
#.........######.._..#
########### #.P.P%#
#.....# #.#.### #...#
..... #.##..# #. #..#


You could see Schimscham's ghost.

Vanquished Creatures
  An adder (D:2)
  A worm (D:2)
  A giant gecko (D:1)
  A giant cockroach (D:2)
  6 goblins
  8 hobgoblins
  3 jackals (D:1)
  2 kobolds
  2 ball pythons
  7 bats
  2 giant newts (D:1)
  4 rats
38 creatures vanquished.

Notes
Turn   | Place    | Note
--------------------------------------------------------------
     0 | D:1      | HolyGrifer the Troll Fighter began the quest for the Orb.
     0 | D:1      | Reached XP level 1. HP: 22/22 MP: 0/0
   121 | D:1      | Reached XP level 2. HP: 21/29 MP: 1/1
   659 | D:2      | Reached XP level 3. HP: 36/36 MP: 2/2
   664 | D:2      | Paralysed by fainting for 6 turns
   673 | D:2      | Paralysed by fainting for 9 turns
   699 | D:2      | Paralysed by fainting for 9 turns
   975 | D:2      | Reached skill level 3 in Dodging
  1167 | D:3      | Found a basalt altar of Yredelemnul.
  1171 | D:3      | Noticed Schimscham's ghost (amateur DrCj)
  1194 | D:3      | Killed from afar by Schimscham's ghost

Skill      XL: |  1  2  3 |
---------------+----------+-----
Dodging        | 3 |  3.0
Fighting       | |  2.5
Short Blades   | |  0.8
Maces & Flails | |  1.9
Stealth        | |  0.1
Shields        | |  2.9

Action                   || total
-------------------------++-------
Melee: Flail             ||    45
       Short sword       ||   140
  Use: Scroll            ||     2
  Eat: Chunk             ||    10
       Bread ration      ||     1
Armor: Robe              ||   133
Dodge: Dodged            ||   108
Block: Shield            ||   126
